 Dungeon Crawl Stone Soup version 0.32-a0-411-g744942f433 (webtiles) character file.

Game seed: 14420701056907938565

3747 shadowstone the Protected (level 10, -4/67 HPs)
             Began as a Coglin Fighter on Feb 20, 2024.
             Was an Elder of Hepliaklqana.
             Slain by a killer bee (6 damage)
             ... on level 8 of the Dungeon.
             The game lasted 00:38:54 (11318 turns).

shadowstone the Protected (Coglin Fighter)         Turns: 11318, Time: 00:38:54

Health: -4/67      AC: 17    Str: 16    XL:     10   Next: 15%
Magic:  10/10      EV:  6    Int: 19    God:    Hepliaklqana [****..]
Gold:   509        SH:  0    Dex: 19    Spells: 9/9 levels left

rFire   . . .        y - +2 dagger (chaos) {Ramón}
rCold   . . .        p - +6 dagger (drain) {Sebastián}
rNeg    . . .        M - +0 plate armour
rPois   .            O - +0 helmet
rElec   .            C - scarf {repulsion}
rCorr   .            e - +1 pair of gloves
SInv    .            (no boots)
Will    .....        (no amulet) Stlth
                     f - +6 ring of intelligence
HPRegen 0.31/turn    z - +6 ring of intelligence
MPRegen 0.12/turn

%: repel missiles
@: lethally poisoned (-4 -> -15), about to teleport, revved
A: reduced essence, off-hand wielding, slow wielding, warmup strikes, legs
shutdown
a: Renounce Religion, Recall Ancestor, Ancestor Identity, Transference, Idealise


You were on level 8 of the Dungeon.
You worshipped Hepliaklqana.
Hepliaklqana was greatly pleased with you.
You visited 2 branches of the dungeon, and saw 9 of its levels.
You also visited: Sewer.

You collected 599 gold pieces.
You spent 90 gold pieces at shops.

Inventory:

Hand Weapons
 m - a +2 whip of venom {Azuma}
 p - a +6 dagger of draining (offhand) {Sebastián}
 u - a +2 vampiric dagger {Isabel}
 y - a +2 dagger of chaos (weapon) {Ramón}
 B - a +1 falchion of holy wrath
 L - a +2 glaive of protection
Missiles
 H - 7 poisoned darts
 I - 4 silver javelins (quivered)
Armour
 b - a +0 scale mail
 c - a +0 buckler
 e - a +1 pair of gloves (worn)
 o - a +0 chain mail
 x - a +1 leather armour of fire resistance
 C - a scarf of repulsion (worn)
 M - a +0 plate armour (worn)
 O - a +0 helmet (worn)
Magical Staves
 N - a staff of air
Jewellery
 f - a +6 ring of intelligence (left grasper)
 z - a +6 ring of intelligence (right grasper)
 G - a ring of see invisible
Talismans
 K - a beast talisman
Wands
 s - a wand of flame (14)
 J - a wand of paralysis (17)
Scrolls
 h - 4 scrolls of noise
 j - 6 scrolls of identify
 k - 3 scrolls of teleportation
 n - 2 scrolls of enchant armour
 q - 2 scrolls of revelation
Potions
 a - 2 potions of enlightenment
 d - 3 potions of might
 g - a potion of haste
 i - 2 potions of cancellation {unknown}
 l - 2 potions of berserk rage {unknown}
 r - a potion of heal wounds {unknown}
 t - 4 potions of curing {unknown}
 v - a potion of magic {unknown}
 A - 2 potions of attraction {unknown}
 D - 2 potions of lignification {unknown}


   Skills:
 + Level 5.6 Fighting
 + Level 4.7(5.8) Short Blades
 + Level 5.6(6.6) Long Blades
 + Level 2.3 Maces & Flails
 + Level 8.8 Armour
 + Level 3.1 Dodging
 + Level 3.3 Stealth
 + Level 2.5 Shields


You had 9 spell levels left.
You didn't know any spells.
Your spell library contained the following spells:

 Spells                   Type           Power      Damage    Failure   Level
 Sandblast                Erth           0%         2d4       100%        1
 Slow                     Hex            0%         N/A       100%        1
 Blink                    Tloc           0%         N/A       100%        2
 Lesser Beckoning         Tloc           0%         N/A       100%        2
 Momentum Strike          Conj/Tloc      0%         3d8       100%        2
 Confusing Touch          Hex            0%         N/A       100%        3
 Passwall                 Erth           0%         N/A       100%        3
 Sigil of Binding         Hex            0%         N/A       100%        3
 Stone Arrow              Conj/Erth      0%         3d7       100%        3
 Vampiric Draining        Necr           0%         2d6       100%        3
 Brom's Barrelling Bould  Conj/Erth      0%         2d3       100%        4
 Haunt                    Necr/Summ      0%         N/A       100%        7
 Borgnjor's Revivificati  Necr           0%         N/A       100%        8
 Death's Door             Necr           0%         N/A       100%        9


Dungeon Overview and Level Annotations

Branches:
Dungeon (8/15)             Temple (1/1) D:5           Sewer (visited)
   Lair: D:8-11

Altars:
Ashenzari
Cheibriados
Dithmenos
Elyvilon
Fedhas
Gozag
Hepliaklqana
Kikubaaqudgha
Makhleb
Nemelex Xobeh
Okawaru
Qazlal
Ru
Sif Muna
Trog
Uskayaw
Vehumet
Wu Jian
Xom
Yredelemnul
Zin
The Shining One

Shops:
D:4 ?   D:5 =   D:7 !

Annotations:
D:7 2 transporters, Bravepunisher's ghost, weakling SpMo


Innate Abilities, Weirdness & Mutations

Your life essence is reduced to manifest your ancestor. (-10% HP)
You can wield a second weapon in your off-hand.
It takes a long time for you to wield or remove held weapons.
Your first few attacks do less damage.
Attacking and casting redirects power from your legs.


Message History

You miss the killer bee with your +6 dagger of draining.
The killer bee is almost dead.
You miss the killer bee with your +2 dagger of chaos.
You feel very sick.
The killer bee stings you but does no damage. x2
The killer bee stings you.
The killer bee stings you but does no damage. x2
The killer bee closely misses you. The orc completely misses you.
The orc hits you but does no damage.
The orc hits you from afar with a +1 trident of protection.
* * * LOW HITPOINT WARNING * * *
You hit the killer bee with your +2 dagger of chaos.
You kill the killer bee!
You feel sick. The killer bee stings you.
* * * LOW HITPOINT WARNING * * *
You are lethally poisoned!
The killer bee poisons you! The killer bee barely misses you.
You closely miss the killer bee with your +2 dagger of chaos.
The killer bee is heavily wounded.
You hit the killer bee with your +6 dagger of draining.
You drain the killer bee.
* * * LOW HITPOINT WARNING * * *
You feel very sick.
The killer bee stings you but does no damage. x2
The orc hits you but does no damage. The orc barely misses you.
A white imp comes into view.
The orc throws a boomerang.
The boomerang hits you.
* * * LOW HITPOINT WARNING * * *
The orc barely misses you. The killer bee completely misses you.
The killer bee stings you but does no damage.
As you read the scroll of teleportation, it crumbles to dust.
You feel strangely unstable.
You are no longer unable to travel.
* * * LOW HITPOINT WARNING * * *
You feel very sick.
The white imp shouts, "Go and return not, thou tottering crook-pated swadder!"
The killer bee stings you but does no damage.
The killer bee stings you.
You die...
Hepliaklqana delivers you to your ancestors.

.......... ..#
.......#.###.#
.............
............
.5........####..
....o..oo{.oo.o.
......ooo#
.......yy#
.....oo)@#
......o###
....... ######.
#. #.


You could see 2 killer bees, a white imp and 9 orcs.

Vanquished Creatures
  The ghost of n00bmints the Cudgeller, an amateur MiBe of Trog (D:4)
  Duvessa (D:4)
  A water moccasin (D:5)
  2 black bears
  A sky beast (D:6)
  An ogre (D:6)
  A bullfrog (D:7)
  A scorpion (D:6)
  A gnoll sergeant (D:7)
  Dowan (D:4)
  2 killer bees (D:8)
  2 howler monkeys
  5 hounds
  3 bombardier beetles
  An orc priest (D:8)
  3 gnoll boudas
  A jelly (D:7)
  An iguana (D:6)
  2 sleepcaps (D:6)
  Natasha (twice) (D:2)
  An orc wizard (D:7)
  8 adders
  6 gnolls
  A river rat (Sewer)
  A ribbon worm (D:2)
  8 orcs
  4 endoplasms
  6 giant cockroaches
  6 goblins
  5 hobgoblins
  4 jackals
  3 quokkas
  4 ball pythons
  9 bats
  3 frilled lizards
  4 kobolds
  5 rats
111 creatures vanquished.

Vanquished Creatures (collateral kills)
  A water moccasin (D:5)
  2 ice beasts
  2 black bears
  2 orc warriors (D:6)
  A brain worm (Sewer)
  2 bullfrogs
  2 killer bees (D:8)
  A crimson imp (D:4)
  A bombardier beetle (D:5)
  4 hounds
  A jelly (D:4)
  A gnoll bouda (D:7)
  2 orc priests
  2 iguanas (D:5)
  3 orc wizards
  11 gnolls
  8 adders
  3 river rats (Sewer)
  A shadow imp (D:6)
  A dart slug (Sewer)
  5 ribbon worms
  6 orcs
  7 ball pythons
  5 endoplasms
  4 giant cockroaches
  2 goblins (D:3)
  A hobgoblin (D:4)
  6 jackals
  2 kobolds (D:4)
  A quokka (D:4)
  5 bats (Sewer)
  2 frilled lizards (D:3)
  3 rats (D:4)
100 creatures vanquished.

Vanquished Creatures (others)
  2 battlemagi
2 creatures vanquished.

Grand Total: 213 creatures vanquished

Notes
Turn   | Place    | Note
-------+----------+-------------------------------------------
     0 | D:1      | shadowstone the Coglin Fighter began the quest for the Orb.
     0 | D:1      | Reached XP level 1. HP: 18/18 MP: 1/1
    24 | D:1      | Reached XP level 2. HP: 22/24 MP: 2/2
   151 | D:1      | Reached skill level 3 in Armour
   267 | D:1      | Reached XP level 3. HP: 29/29 MP: 3/3
  1035 | D:2      | Noticed Natasha
  1041 | D:2      | Killed Natasha
  1042 | D:2      | Reached XP level 4. HP: 34/35 MP: 4/4
  1491 | D:2      | Noticed Natasha
  1497 | D:2      | Killed Natasha
  1694 | D:2      | Found a faded altar of an unknown god.
  1720 | D:2      | Prayed at the altar of an unknown god.
  1720 | D:2      | Became a worshipper of Hepliaklqana the Forgotten
  1720 | D:2      | Reached * piety under Hepliaklqana
  1877 | D:2      | Reached XP level 5. HP: 19/36 MP: 5/5
  2824 | D:3      | Found a broken altar of Ashenzari.
  2824 | D:3      | Found a sacrificial altar of Ru.
  2873 | D:3      | Found an opulent altar of Gozag.
  2947 | D:3      | Found an ancient bone altar of Kikubaaqudgha.
  3034 | D:3      | Reached ** piety under Hepliaklqana
  3035 | D:3      | Remembered your ancestor Bob as a battlemage
  3113 | D:3      | Reached skill level 1 in Dodging
  3115 | D:3      | Reached XP level 6. HP: 27/42 MP: 6/6
  3313 | D:4      | Found a transporter.
  3321 | D:4      | Noticed n00bmints's ghost (amateur MiBe)
  3330 | D:4      | Reached skill level 4 in Armour
  3342 | D:4      | Found a transporter.
  3388 | D:4      | Noticed a black bear
  3393 | D:4      | Killed a black bear
  3497 | D:4      | Reached XP level 7. HP: 23/47 MP: 7/7
  3614 | D:4      | Reached skill level 1 in Maces & Flails
  3748 | D:4      | Found a glowing drain.
  3757 | Sewer    | Entered a sewer
  3798 | Sewer    | Reached skill level 5 in Long Blades
  4157 | Sewer    | Reached skill level 5 in Armour
  4508 | D:4      | Found Ugri's Magic Scroll Emporium.
  4518 | D:4      | Bought a scroll of enchant armour for 90 gold pieces
  4637 | D:4      | Noticed Dowan
  4640 | D:4      | Killed Dowan
  4660 | D:4      | Noticed Duvessa
  4673 | D:4      | Killed Duvessa
  4674 | D:4      | Reached XP level 8. HP: 17/54 MP: 8/8
  5832 | D:4      | Found a shimmering altar of Xom.
  5841 | D:4      | Found a burning altar of Makhleb.
  5941 | D:4      | Reached skill level 1 in Stealth
  5950 | D:4      | Killed n00bmints's ghost
  5951 | D:4      | Reached skill level 1 in Short Blades
  5951 | D:4      | Reached skill level 6 in Armour
  7136 | D:5      | Entered Level 5 of the Dungeon
  7298 | D:5      | Found a staircase to the Ecumenical Temple.
  7327 | D:5      | Reached *** piety under Hepliaklqana
  7365 | Temple   | Entered the Ecumenical Temple
  7548 | D:5      | Found a bloodstained altar of Trog.
  7782 | D:5      | Reached XP level 9. HP: 60/60 MP: 9/9
  7788 | D:5      | Reached skill level 7 in Armour
  8412 | D:5      | Found a stormy altar of Qazlal.
  8620 | D:5      | Found Yreruysk's Jewellery Shop.
  9033 | D:6      | Found a hazy altar of Hepliaklqana.
  9040 | D:6      | Reached skill level 5 in Fighting
  9223 | D:6      | Reached skill level 8 in Armour
  9776 | D:7      | Paralysed by an orc for 5 turns
  9873 | D:7      | HP: 3/61 [poisoned by a gnoll]
  9876 | D:7      | HP: 1/61 [poisoned by a gnoll]
 10463 | D:7      | Found a basalt altar of Yredelemnul.
 10516 | D:7      | Reached XP level 10. HP: 66/66 MP: 10/10
 10552 | D:7      | Found Xuuntom's Distillery.
 10571 | D:7      | Found a transporter.
 10578 | D:7      | Noticed a moth of wrath
 10579 | D:7      | Found a bloodstained altar of Trog.
 10579 | D:7      | Noticed Bravepunisher's ghost (weakling SpMo)
 10587 | D:7      | Found a transporter.
 10656 | D:7      | Reached **** piety under Hepliaklqana
 11068 | D:7      | Found a glowing silver altar of Zin.
 11074 | D:7      | Found a radiant altar of Vehumet.
 11318 | D:8      | HP: 2/67 [poisoned by a killer bee]
 11318 | D:8      | Slain by a killer bee

Illustrated notes

Levels and vault maps discovered:
D:1:      dpeg_arrival_central, layout_loops_ring
D:2:      layout_basic, shapermc_ecumenical_altar_pompeii, minmay_pentomino_x2,
          uniq_natasha
D:3:      layout_rooms, grunt_gozag_statues, mainiacjoe_overflow_paths,
          gammafunk_temple_overflow_elements
D:4:      layout_basic, grunt_temple_overflow_champion_of_chaos, serial_shops,
          shop, lightli_sewer_entry_pipes, gammafunk_ghost_arena, uniq_duvessa
D:5:      wander_river, layout_cave_pods, trog_three_pillars_becter,
          nicolae_qazlal_scattered_showers, minmay_temple_entry_arrows,
          serial_shops, kennysheep_mini_moat, nrook_pool_corridor
D:6:      layout_basic, minmay_ruined_shrine
D:7:      minmay_angry_zag, layout_loops_ring, yredelemnul_altar_generic,
          minitemple, serial_shops, shop, gammafunk_ghost_wrathful_warriors
D:8:      layout_basic, lair_entry_dummy, hangedman_decor_slide_cut
Temple:   chequers_temple_sunken

Skill      XL: |  1  2  3  4  5  6  7  8  9 |
---------------+----------------------------+-----
Armour         | 3 4 5 6 8 |  8.8
Long Blades    | 3 4 5 |  5.6
Dodging        | 1 2 3 |  3.1
Fighting       | 4 5 |  5.6
Maces & Flails | 1 2 |  2.3
Stealth        | 1 3 |  3.3
Short Blades   | 2 4 |  4.7
Shields        | |  2.5

Action                     |  1- 3 |  4- 6 |  7- 9 | 10-12 || total
---------------------------+-------+-------+-------+-------++-------
  Melee: Long sword        |    68 |    67 |    12 |       ||   147
         Whip              |       |    50 |    53 |       ||   103
         Dagger            |       |       |   287 |    51 ||   338
 Invoke: Recall Ancestor   |       |     2 |       |       ||     2
         Ancestor Identity |       |     1 |       |       ||     1
         Ancestor Life: Ba |       |     1 |       |       ||     1
    Use: Scroll            |       |       |     9 |     1 ||    10
         Potion            |       |       |     1 |       ||     1
   Stab: Distracted        |       |       |     4 |       ||     4
         Confused          |       |       |     1 |       ||     1
 Armour: Scale mail        |    76 |    21 |       |       ||    97
         Chain mail        |       |    41 |   163 |       ||   204
         Plate armour      |       |       |    27 |    59 ||    86
  Dodge: Dodged            |    42 |    44 |    90 |    16 ||   192
         Repelled          |       |       |     2 |       ||     2
  Block: Buckler           |    30 |     7 |       |       ||    37

Table legend: (Time is in decaauts)
 A = Elapsed time spent in this place.
 B = Non-inter-level travel time spent in this place.
 C = Inter-level travel time spent in this place.
 D = Time resting spent in this place.
 E = Time spent auto-exploring this place.
 F = Levels seen in this place.
 G = Mean time per level.
                   A        B        C        D        E       F      G
               +--------+--------+--------+--------+--------+-----+--------+
         Total |  11625 |  11246 |    379 |   4228 |   3085 |  10 | 1162.5 |
       Dungeon |  10606 |  10227 |    379 |   4193 |   2699 |   8 | 1325.8 |
        Temple |    115 |    115 |      0 |      0 |      0 |   1 |  115.0 |
         Sewer |    903 |    903 |      0 |     35 |    386 |   1 |  903.0 |
               +--------+--------+--------+--------+--------+-----+--------+

Top non-repeatable levels by time:
     D:4: 3176 daAuts
     D:5: 1757 daAuts
     D:2: 1710 daAuts
     D:7: 1509 daAuts
     D:1: 1038 daAuts
   Sewer: 903 daAuts
     D:6: 803 daAuts
     D:3: 594 daAuts
  Temple: 115 daAuts
     D:8: 15 daAuts
